AoeStats
← |GaoeG| flamingo

Arena

507845962Analyzed
4v4 RM · 12d ago on Sep 19, 2026· 64m 56s· 8 players
Game mode
Random Map
Map size
Large (8 player)
Population
200
Speed
Normal
Resources
Standard
Victory
Conquest
Starting age
Dark Age
Ending age
Imperial Age
RankedLock teamsTeams togetherTeam positionsShared explorationLock speedFull tech treeHidden civsTurbo modeCheats
Victory
Defeat
🇦🇷 Celts · Argentina
1308
+15
🇦🇷 Bengalis · Argentina
1260
+17
🇧🇷 Sicilians · Brazil
1242
+18
🇦🇷 Persians · Argentina
1196
+20
🇪🇸 Wei · Spain
1376
-21
🇪🇸 Spanish · Spain
1350
-20
🇪🇸 Magyars · Spain
1231
-15
🇪🇸 Inca · Spain
1200
-14
job85
9:59 Feudal Age
14:05 Castle Age
12:21 Double-Bit Axe
12:47 Loom
15:54 Horse Collar
18:08 Wheelbarrow
21:08 Bow Saw
26:16 Gold Mining
31:22 Imperial Age
32:17 Furor Celtica
32:28 Conscription
32:47 Hand Cart
35:19 Onager
36:17 Capped Ram
36:57 Pikeman
37:52 Forging
37:42 Scale Mail Armor
39:22 Iron Casting
38:47 Scale Mail Armor
40:04 Halberdier
42:16 Scale Mail Armor
The Wax
10:13 Feudal Age
14:09 Castle Age
12:07 Double-Bit Axe
12:18 Horse Collar
14:18 Loom
16:06 Bow Saw
16:06 Heavy Plow
19:52 Wheelbarrow
21:15 Gold Mining
21:15 Stone Mining
23:15 Hand Cart
25:12 Gold Shaft Mining
24:27 Stone Mining
28:29 Imperial Age
28:51 Fletching
29:01 Padded Archer Armor
29:33 Bodkin Arrow
29:38 Town Watch
29:24 Elite Elephant Archer
31:13 Chemistry
30:34 Ballistics
30:48 Leather Archer Armor
30:54 Bracer
32:18 Conscription
32:30 Bloodlines
32:21 Husbandry
33:27 Ring Archer Armor
36:52 Paiks
39:38 Elite Ratha (Ranged)
41:58 Elite Battle Elephant
42:47 Scale Barding Armor
42:53 Forging
46:54 Iron Casting
46:40 Chain Barding Armor
47:29 Light Cavalry
49:19 Blast Furnace
52:25 Fortified Wall
Dashimir
6:28 Loom
9:30 Feudal Age
11:32 Horse Collar
17:05 Fletching
17:41 Double-Bit Axe
21:14 Wheelbarrow
25:21 Castle Age
26:44 Wheelbarrow
25:55 Town Watch
26:55 Heavy Plow
27:37 Bow Saw
27:33 Gold Mining
30:22 Hand Cart
30:10 Town Patrol
33:34 Imperial Age
31:29 Forging
31:19 Scale Mail Armor
31:35 Masonry
32:52 Iron Casting
32:11 Pikeman
34:15 Gold Shaft Mining
33:31 Stone Mining
34:44 Conscription
34:43 Chain Mail Armor
35:28 Blast Furnace
35:12 Capped Ram
36:03 Halberdier
37:48 Plate Mail Armor
39:43 Chemistry
38:29 Elite Serjeant
44:39 Blast Furnace
43:35 Bodkin Arrow
43:28 Arrowslits
44:04 Ballistics
44:51 Crop Rotation
45:44 Siege Engineers
45:35 Murder Holes
48:00 Arson
48:02 Gambesons
48:18 Squires
48:22 Bracer
48:22 Padded Archer Armor
53:25 Stone Shaft Mining
ERUCTO DE SALAME
10:04 Feudal Age
11:08 Double-Bit Axe
13:45 Castle Age
11:50 Horse Collar
15:21 Bow Saw
15:12 Loom
17:20 Loom
21:15 Heavy Plow
22:54 Gold Mining
22:54 Stone Mining
23:44 Wheelbarrow
23:02 Town Watch
24:57 Hand Cart
28:03 Imperial Age
26:51 Bloodlines
26:42 Husbandry
27:02 Scale Barding Armor
27:07 Forging
27:35 Gold Shaft Mining
27:35 Stone Shaft Mining
28:14 Chain Barding Armor
29:37 Chemistry
29:15 Iron Casting
28:21 Cavalier
30:21 Plate Barding Armor
29:47 Savar
32:00 Blast Furnace
31:01 Padded Archer Armor
32:31 Leather Archer Armor
34:40 Conscription
34:43 Citadels
35:31 Masonry
36:23 Ring Archer Armor
37:07 Light Cavalry
39:58 Coinage
38:53 Hussar
40:47 Fletching
41:18 Ballistics
41:40 Bodkin Arrow
41:34 Heavy Camel Rider
41:52 Pikeman
42:32 Squires
42:39 Scale Mail Armor
42:12 Elite War Elephant
43:00 Devotion
44:11 Halberdier
46:22 Arson
46:56 Chain Mail Armor
49:13 Plate Mail Armor
|GaoeG| Joseba77
11:37 Feudal Age
10:11 Loom
13:36 Fletching
17:24 Castle Age
15:37 Double-Bit Axe
17:03 Horse Collar
31:24 Imperial Age
28:57 Scale Mail Armor
29:59 Forging
30:06 Bow Saw
29:49 Gold Mining
30:03 Heavy Plow
30:42 Squires
31:23 Stone Mining
31:50 Chain Mail Armor
33:18 Crop Rotation
33:32 Gold Shaft Mining
34:20 Iron Casting
34:45 Arson
36:02 Blast Furnace
35:33 Plate Mail Armor
35:16 Fabric Shields
35:57 Bodkin Arrow
36:01 Elite Skirmisher
36:47 Andean Sling
36:51 Padded Archer Armor
37:32 Bracer
38:01 Thumb Ring
38:20 Ballistics
39:00 Chemistry
38:53 Leather Archer Armor
38:10 Crossbowman
38:40 Pikeman
40:17 Ring Archer Armor
48:43 Wheelbarrow
48:43 Plate Mail Armor
48:32 Halberdier
56:21 Hand Cart
56:44 Crossbowman
57:25 Arbalester
|GaoeG| flamingo
11:33 Feudal Age
13:20 Double-Bit Axe
15:40 Castle Age
13:48 Horse Collar
16:51 Bow Saw
16:45 Heavy Plow
20:05 Fletching
21:46 Loom
22:49 Wheelbarrow
26:40 Gold Mining
31:45 Imperial Age
31:23 Padded Archer Armor
32:45 Leather Archer Armor
34:05 Chemistry
34:55 Ring Archer Armor
34:22 Bodkin Arrow
34:50 Ballistics
35:47 Two-Man Saw
34:53 Elite Skirmisher
35:38 Thumb Ring
36:23 Conscription
37:05 Thumb Ring
37:56 Bloodlines
37:46 Husbandry
37:12 Elite Conquistador
38:21 Bracer
45:58 Stone Mining
46:33 Squires
45:54 Pikeman
46:50 Scale Mail Armor
47:00 Forging
47:17 Halberdier
48:15 Chain Mail Armor
50:11 Plate Mail Armor
50:18 Iron Casting
52:51 Supremacy
56:55 Supremacy
61:51 Blast Furnace
ErafaE
11:15 Feudal Age
14:55 Castle Age
14:21 Double-Bit Axe
16:33 Wheelbarrow
20:41 Bow Saw
22:35 Hand Cart
22:59 Horse Collar
23:51 Heavy Plow
23:50 Gold Mining
27:15 Gold Shaft Mining
31:29 Imperial Age
30:10 Scale Barding Armor
30:02 Loom
30:02 Town Watch
31:40 Chain Barding Armor
31:48 Ballistics
31:39 Masonry
31:35 Husbandry
31:46 Bloodlines
30:56 Light Cavalry
33:35 Chemistry
33:14 Plate Barding Armor
32:01 Cavalier
34:05 Hussar
36:15 Two-Man Saw
35:46 Crop Rotation
35:59 Conscription
35:43 Corvinian Army
38:30 Paladin
43:29 Coinage
45:04 Banking
46:53 Scale Mail Armor
46:25 Pikeman
47:56 Halberdier
48:53 Chain Mail Armor
50:28 Murder Holes
50:29 Fletching
52:43 Padded Archer Armor
52:43 Bodkin Arrow
JITANOmaleant7
10:17 Feudal Age
12:15 Loom
14:44 Castle Age
13:17 Double-Bit Axe
13:22 Horse Collar
15:07 Wheelbarrow
16:14 Bow Saw
16:13 Heavy Plow
22:43 Gold Mining
22:43 Stone Mining
24:53 Gold Shaft Mining
24:54 Stone Shaft Mining
25:31 Hand Cart
25:42 Scale Barding Armor
25:47 Forging
29:24 Imperial Age
27:48 Chain Barding Armor
29:47 Tuntian
31:10 Iron Casting
30:00 Elite Tiger Cavalry
31:46 Bloodlines
31:37 Husbandry
32:00 Conscription
32:16 Ming Guang Armor
34:24 Blast Furnace
34:13 Light Cavalry
35:44 Hussar
48:35 Scale Mail Armor
47:57 Pikeman
48:38 Squires
51:35 Chain Mail Armor
51:57 Halberdier
Connection lost

Rejoining the realm…

Still unreachable

The connection could not be restored.

Session expired

The server has moved on; the page needs a fresh start.